Map: Deathaura LE

Players

Vanya - Winner!

  • Race: Zerg Zerg
  • League: Grandmaster
  • Spawn Location: 11:00

ArT

  • Race: Protoss Protoss
  • Spawn Location: 5:00

Event: DreamHack SC2 Masters 2020 Summer Europe

VOD

Have the link to the VOD?

Description

Time

  • Played on: July 4, 2020, 1:16 p.m.
  • Length: 12:01

All games in this series

Show
View Real Time Build Order
Export as new Build Order

Vanya Zerg - Winner!

Build Orders: Hatch First 

Get SALT Encoding   

  12  0:00  Drone  
  13  0:12  Overlord  
  13  0:16  Drone  
  14  0:31  Drone x2  
  16  0:43  Drone  
  17  0:51  Hatchery  
  17  0:54  Drone  
  17  0:58  Drone  
  18  1:08  Extractor  
  17  1:13  Spawning Pool  
  17  1:15  Drone  
  17  1:19  Drone  
  18  1:28  Drone  
  19  1:39  Drone  
  20  1:50  Overlord  
  20  1:59  Queen  
  22  2:03  Queen  
  22  2:04  Zergling x4  
  26  2:11  Drone  
  26  2:12  Metabolic Boost  
  26  2:14  Drone  
  28  2:22  Drone  
  29  2:32  Hatchery  
  29  2:36  Drone x2  
  30  2:44  Queen  
  30  2:51  Overlord  
  32  2:53  Drone  
  32  2:55  Drone  
  32  2:57  Drone  
  35  3:02  Drone  
  36  3:14  Drone x2  
  36  3:16  Drone x3  
  36  3:18  Drone  
  42  3:24  Overlord  
  42  3:28  Spore Crawler  
  41  3:35  Drone  
  41  3:36  Queen  
  44  3:44  Drone x6  
  50  3:51  Overlord  
  50  3:53  Drone x2  
  52  3:56  Drone  
  52  3:58  Roach Warren  
  52  4:03  Drone  
  52  4:05  Drone  
  52  4:08  Extractor  
  53  4:11  Zergling x8  
  57  4:17  Zergling x4  
  57  4:20  Zergling x2  
  57  4:24  Spore Crawler, Zergling x6  
  60  4:27  Overlord  
  62  4:33  Overlord  
  62  4:41  Roach x2  
  62  4:44  Overlord  
  63  4:48  Roach x5  
  72  4:58  Spore Crawler  
  66  5:05  Drone x9  
  71  5:17  Spore Crawler  
  71  5:20  Drone x5  
  72  5:28  Drone x2  
  74  5:32  Extractor x2  
  71  5:35  Drone  
  71  5:36  Drone x4  
  71  5:41  Drone x3  
  71  5:42  Drone  
  76  5:47  Evolution Chamber, Drone x2  
  77  5:54  Drone x2  
  79  6:03  Drone x2  
  79  6:04  Roach, Overlord  
  81  6:05  Roach x2  
  81  6:09  Extractor  
  86  6:12  Overlord  
  86  6:16  Overlord  
  85  6:19  Overlord  
  85  6:22  Spawning Pool  
  85  6:25  Zerg Missile Weapons Level 1  
  84  6:27  Roach x6  
  84  6:31  Drone  
  84  6:32  Drone x3  
  100  6:34  Drone  
  100  6:39  Extractor  
  100  6:40  Drone  
  100  6:41  Drone  
  102  6:49  Drone x5  
  102  6:53  Hatchery, Overlord  
  106  6:56  Overlord  
  106  6:57  Roach  
  106  7:01  Ravager x4  
  111  7:03  Overlord  
  111  7:05  Drone  
  113  7:11  Lair  
  113  7:12  Drone  
  113  7:13  Drone  
  113  7:15  Roach x3  
  121  7:23  Overlord  
  121  7:25  Roach x4  
  129  7:30  Ravager  
  129  7:31  Roach x3  
  129  7:34  Ravager x2  
  129  7:35  Overlord  
  138  7:40  Overlord  
  138  7:44  Roach x3  
  145  7:48  Roach  
  145  7:49  Roach x2  
  144  7:51  Overlord  
  144  7:56  Zergling x4  
  146  8:02  Zergling x16  
  146  8:05  Hatchery  
  153  8:09  Glial Reconstitution  
  153  8:11  Overseer, Spire  
  152  8:14  Overlord  
  152  8:15  Roach x2  
  156  8:20  Zerg Missile Weapons Level 2  
  156  8:21  Overlord  
  155  8:30  Roach x3  
  155  8:31  Overlord  
  161  8:41  Queen  
  157  8:45  Drone x2  
  157  8:46  Drone x7  
  167  8:53  Ravager  
  167  8:54  Ravager x2  
  170  8:56  Roach x4  
  170  9:02  Overlord x2  
  178  9:16  Spore Crawler  
  176  9:23  Mutalisk x8  
  190  9:25  Overlord  
  190  9:28  Overlord  
  190  9:31  Extractor  
  187  9:33  Extractor  
  180  9:45  Mutalisk x4  
  167  9:50  Roach x3  
  151  9:54  Roach x3, Zergling x16  
  154  10:02  Overseer x2  
  154  10:03  Zergling x2  
  154  10:04  Zergling x6  
  157  10:07  Queen  
  157  10:09  Zergling x6  
  156  10:14  Roach  
  156  10:15  Roach x2  
  156  10:17  Ravager x2  
  164  10:23  Roach x3  
  170  10:31  Corruptor  
  170  10:32  Corruptor x2  
  172  10:38  Zergling x10  
  172  10:40  Overseer  
  175  10:45  Mutalisk x3  
  182  10:50  Zergling x6  
  182  10:57  Zergling x12  
  190  11:05  Ravager  
  190  11:06  Ravager, Zergling x10  
  188  11:18  Roach x7  
  187  11:27  Roach, Zergling x10  
  187  11:39  Roach x7  
Show
View Real Time Build Order
Export as new Build Order

ArT Protoss 

Build Orders: 1 Gate Expand, Archon Immortal, Dark Templar Rush 

Get SALT Encoding   

  12  0:01  Probe  
  13  0:13  Probe  
  14  0:18  Pylon  
  14  0:25  Probe  
  15  0:33  Probe  
  15  0:40  Gateway  
  15  0:42  Probe  
  17  0:53  Assimilator, Probe  
  18  1:05  Probe  
  19  1:17  Probe  
  20  1:28  Nexus  
  20  1:37  Cybernetics Core  
  20  1:40  Probe  
  21  1:47  Assimilator  
  21  1:52  Probe  
  22  1:56  Pylon  
  22  2:04  Adept, Probe  
  23  2:13  Warp Gate  
  25  2:16  Probe  
  26  2:24  Stalker, Twilight Council  
  26  2:28  Probe  
  27  2:36  Probe  
  29  2:41  Probe  
  31  2:44  Probe  
  32  2:53  Probe  
  32  2:55  Robotics Facility  
  32  2:57  Probe  
  34  3:05  Probe  
  35  3:10  Gateway  
  35  3:12  Probe  
  36  3:18  Dark Shrine  
  36  3:20  Probe  
  36  3:24  Probe  
  36  3:26  Adept  
  40  3:32  Warp Prism  
  40  3:33  Probe  
  41  3:44  Gateway  
  43  3:51  Probe x2  
  43  3:52  Pylon  
  45  3:56  Assimilator  
  45  3:59  Pylon  
  45  4:05  Probe  
  45  4:08  Assimilator  
  46  4:10  Adept x2, Probe  
  51  4:17  Probe  
  51  4:18  Probe  
  51  4:20  Pylon  
  53  4:26  Probe  
  53  4:29  Probe  
  55  4:36  Pylon  
  55  4:43  Dark Templar x3  
  55  4:45  Observer  
  57  4:46  Probe  
  57  4:49  Pylon  
  57  4:58  Warp Prism  
  59  5:07  Charge  
  59  5:16  Adept, Gateway  
  59  5:17  Gateway, Zealot  
  59  5:18  Gateway  
  57  5:32  Immortal  
  57  5:34  Probe  
  58  5:40  Probe  
  61  5:53  Nexus  
  61  5:54  Pylon  
  61  6:01  Dark Templar x2  
  65  6:04  Dark Templar  
  65  6:10  Gateway  
  67  6:16  Immortal  
  71  6:21  Archon  
  71  6:22  Sentry x3  
  77  6:27  Gateway  
  77  6:30  Archon  
  77  6:38  Probe  
  78  6:40  Zealot x3  
  84  6:52  Pylon  
  84  6:54  Dark Templar x2, Zealot  
  84  6:58  Archon  
  90  7:03  Probe  
  91  7:11  Adept, Shield Battery  
  91  7:13  Probe  
  94  7:16  Probe  
  94  7:19  Dark Templar x2, Zealot x2  
  103  7:25  Probe x2  
  103  7:29  Archon, Zealot x2  
  109  7:30  Zealot  
  109  7:33  Observer  
  109  7:34  Pylon  
  111  7:38  Probe x2  
  112  7:44  Immortal  
  112  7:47  Probe  
  112  7:50  Probe  
  110  7:54  Probe  
  110  7:58  Stargate  
  115  8:03  Assimilator, Probe  
  115  8:04  Assimilator  
  116  8:08  Forge, Stargate  
  116  8:11  Probe  
  117  8:15  Pylon  
  117  8:18  Probe  
  118  8:21  Probe  
  118  8:23  Pylon  
  118  8:26  Probe  
  120  8:41  Phoenix  
  122  8:42  Immortal  
  126  8:49  Probe  
  126  8:53  Phoenix  
  126  8:54  Gateway  
  126  8:55  Gateway  
  129  9:00  Dark Templar x4  
  129  9:01  Shield Battery  
  129  9:02  Protoss Ground Weapons Level 1  
  137  9:07  Phoenix, Archon x2, Pylon  
  139  9:13  Pylon  
  139  9:16  Pylon  
  139  9:18  Stalker, Pylon  
  139  9:21  Phoenix  
  139  9:24  Phoenix  
  139  9:26  Shield Battery  
  139  9:27  Shield Battery  
  141  9:33  Zealot  
  141  9:34  Zealot x3  
  144  9:39  Zealot  
  144  9:41  Dark Templar  
  136  9:49  Zealot x2  
  116  9:55  Zealot  
  116  9:56  Zealot x2  
  116  9:58  Phoenix  
  120  10:02  Probe x2  
  122  10:08  Pylon  
  122  10:13  Templar Archives  
  113  10:22  Probe x2  
  113  10:26  Probe  
  108  10:30  Probe  
  108  10:33  Phoenix x2  
  108  10:35  Probe  
  107  10:36  Stalker x3  
  107  10:37  Stalker  
  107  10:41  Probe  
  116  10:49  Probe  
  117  10:55  Phoenix  
  117  10:56  High Templar x4  
  123  11:01  Archon  
  123  11:02  Archon  
  123  11:03  Probe x2  
  127  11:04  Probe  
  127  11:10  Zealot  
  130  11:13  Zealot  
  130  11:15  Probe  
  123  11:19  Zealot  
  113  11:27  Stalker  
  113  11:31  Dark Templar  
  107  11:37  Stalker  
  86  11:45  Probe x2  
  65  11:51  Dark Templar x2  
Tags
 
Add a new tag
Caveats
  • Supply blocks, unpowered buildings, or Contaminate may cause inaccurate times.
  • Supply counts are checked every 10 seconds.